 Dungeon Crawl Stone Soup version 0.31.0-32-g396128a36d (webtiles) character file.

Game seed: 7533128818314666201

4761 DildoBatman the Artisan of Death (level 10, 0/74 HPs)
             Began as a Formicid Conjurer on Mar 22, 2024.
             Was a Priest of Kikubaaqudgha.
             Succumbed to a killer bee's poison
             ... on level 9 of the Dungeon.
             The game lasted 00:22:52 (6953 turns).

DildoBatman the Artisan of Death (FoCj)             Turns: 6953, Time: 00:22:53

Health: 0/74       AC: 11    Str: 11    XL:     10   Next: 75%
Magic:  19/19      EV: 11    Int: 23    God:    Kikubaaqudgha [***...]
Gold:   426        SH:  4    Dex: 12    Spells: 12/21 levels left

rFire   . . .        a - +6 shillelagh "Devastator" {shatter}
rCold   . . .        E - +0 buckler
rNeg    . . .        M - +2 troll leather armour
rPois   .            (helmet unavailable)
rElec   .            L - +2 cloak
rCorr   .            F - +0 pair of gloves
SInv    +            v - +0 pair of boots
Will    +....        m - amulet of magic regeneration
Stlth   ++           f - ring of wizardry
HPRegen 1.12/turn    (no ring)
MPRegen 0.56/turn

%: wizardry (x1)
@: lethally poisoned (0 -> -29)
A: permanent stasis, dig shafts and tunnels, antennae 3, four strong arms
a: Dig, Shaft Self, Renounce Religion, Unearth Wretches


You were on level 9 of the Dungeon.
You worshipped Kikubaaqudgha.
Kikubaaqudgha was most pleased with you.
You visited 2 branches of the dungeon, and saw 10 of its levels.

You collected 426 gold pieces.

Inventory:

Hand Weapons
 a - the +6 shillelagh "Devastator" (weapon) {shatter}
   (You found it on level 5 of the Dungeon)
 c - a +0 shortbow
Missiles
 q - 5 boomerangs
 I - 2 curare-tipped darts
 J - 9 poisoned darts
Armour
 v - a +0 pair of boots (worn)
 E - a +0 buckler (worn)
 F - a +0 pair of gloves (worn)
 K - a +2 ring mail of willpower
 L - a +2 cloak (worn)
 M - a +2 troll leather armour (worn)
Magical Staves
 e - a staff of air
 w - a staff of conjuration
Jewellery
 f - a ring of wizardry (left hand)
 m - an amulet of magic regeneration (around neck)
 r - an amulet of regeneration
Wands
 t - a wand of digging (4)
 B - a wand of iceblast (6)
 H - a wand of mindburst (16)
Scrolls
 d - a scroll of torment {unknown}
 h - 2 scrolls of fog {unknown}
 i - 3 scrolls of immolation {unknown}
 j - a scroll of enchant weapon {unknown}
 n - 2 scrolls of noise {unknown}
 s - a scroll of revelation {unknown}
 u - 2 scrolls of amnesia {unknown}
 x - 2 scrolls of fear {unknown}
 y - a scroll of vulnerability {unknown}
 z - 2 scrolls of identify
 G - 4 scrolls of teleportation {unknown}
Potions
 b - a potion of magic
 l - 5 potions of curing
 o - a potion of might
 p - 2 potions of heal wounds
 A - a potion of lignification
 C - a potion of brilliance


   Skills:
 * Level 5.0 Fighting
 * Level 0.4 Maces & Flails
 * Level 5.0 Armour
 * Level 3.0 Dodging
 - Level 4.0 Stealth
 * Level 3.1 Shields
 - Level 6.0 Spellcasting
 - Level 6.0 Conjurations
 - Level 10.0 Necromancy


You had 12 spell levels left.
You knew the following spells:

 Your Spells              Type           Power      Damage    Failure   Level
a - Searing Ray           Conj           68%        2d6       1%          2
c - Magic Dart            Conj           100%       1d8       1%          1
h - Dispel Undead         Necr           52%        3d19      1%          4
z - Sublimation of Blood  Necr           52%        N/A       1%          2

Your spell library contained the following spells:

 Spells                   Type           Power      Damage    Failure   Level
 Kiss of Death            Conj/Necr      100%       2d13      1%          1
 Necrotise                Necr           100%       1d9       1%          1
 Fugue of the Fallen      Necr           52%        N/A       1%          3
 Curse of Agony           Necr           52%        N/A       2%          5
 Hailstorm                Conj/Ice       20%        3d7       6%          3
 Anguish                  Hex/Necr       15%        N/A       9%          4
 Martyr's Knell           Necr/Summ      30%        N/A       9%          4
 Flame Wave               Conj/Fire      20%        2d7       17%         4
 Fulminant Prism          Conj/Alch      10%        3d8       17%         4
 Iskenderun's Mystic Bla  Conj/Tloc      20%        2d6       17%         4
 Confusing Touch          Hex            6%         N/A       19%         3
 Inner Flame              Hex/Fire       6%         N/A       19%         3
 Summon Ice Beast         Ice/Summ       6%         N/A       19%         3
 Sticky Flame             Fire/Alch      6%         2d4       50%         4
 Summon Forest            Summ/Tloc      3%         N/A       83%         5
 Summon Mana Viper        Hex/Summ       6%         N/A       83%         5
 Sculpt Simulacrum        Ice/Alch       3%         N/A       100%        6
 Summon Cactus Giant      Summ           3%         N/A       100%        6


Dungeon Overview and Level Annotations

Branches:
Dungeon (9/15)             Temple (1/1) D:4            Lair (0/5) D:9
    Orc: D:9-12

Altars:
Ashenzari
Cheibriados
Dithmenos
Fedhas
Gozag
Hepliaklqana
Kikubaaqudgha
Okawaru
Qazlal
Sif Muna
Trog
Uskayaw
Vehumet
Wu Jian
Yredelemnul
Zin
The Shining One

Shops:
D:1 [   D:8 *

Annotations:
D:7 2 transporters, 1 runed translucent door, Crazy Yiuf; Joseph; postfeelist's ghost, novice HOFi


Innate Abilities, Weirdness & Mutations

You cannot be hasted, slowed, berserked, paralysed or teleported.
You can dig through walls and to a lower floor.
You have a pair of large antennae on your head. (SInv)
Your four strong arms can wield two-handed weapons with a shield.


Message History

You feel very sick. The killer bee misses you. The killer bee stings you.
You are more poisoned.
The killer bee poisons you! The killer bee stings you!
The killer bee stings you but does no damage.
The killer bee closely misses you.
A kobold brigand comes into view.
It is wielding a +0 short sword and quivering curare-tipped darts.
The killer bee barely misses you. The killer bee closely misses you.
The killer bee barely misses you.
The kobold brigand shouts!
You hit the killer bee.
The killer bees shudder.
The killer bee is almost dead.
The killer bee is severely wounded. x2
The killer bee is almost dead.
You feel very sick. The killer bee stings you.
The killer bee barely misses you. The killer bee misses you.
The killer bee barely misses you. x2
The killer bee stings you.
You are more poisoned.
The killer bee poisons you!
The killer bee stings you but does no damage.
You block the killer bee's attack. The killer bee closely misses you.
The killer bee misses you. The killer bee stings you.
You are more poisoned.
The killer bee poisons you! The killer bee stings you.
You are more poisoned.
The killer bee poisons you!
You miss the killer bee.
The killer bee is almost dead.
You die...
Kikubaaqudgha rasps: "You have failed me!
Welcome... death!"

#..# #...............
#..# #...............
#..# ..#....≈.†.~~...~.
#..# .......~~.~.~~≈~~..
#..#.......~≈~.~.~≈≈≈~~.
#..#.##....~≈≈~~.≈≈~~...
#..# ......≈~≈~≈?≈≈~....
####........≈≈~~.~~~~~..
........≈≈~†@y~≈≈≈..
......~≈~.yyy~≈≈≈~.
.....~~~....~≈≈≈~≈
...~.~......~≈≈≈≈
..~~K.~.>.≈≈≈≈≈~
..≈≈~....≈~≈≈~≈
.~≈≈~.~K~.≈≈≈≈≈
...≈≈≈~~~~~≈≈~~


You could see a kobold brigand, 4 killer bees and a kobold.

Vanquished Creatures
  Maurice (D:8)
  A troll (D:9)
  5 yaks (D:8)
  A water moccasin (D:7)
  An orc warrior (D:8)
  2 sky beasts
  2 ice beasts
  4 ogres
  2 wolves (D:9)
  2 centaurs
  A kobold brigand (D:8)
  5 bullfrogs
  4 scorpions (D:5)
  A water moccasin zombie (D:6)
  3 wights (D:7)
  2 killer bees (D:9)
  An electric eel (D:9)
  4 howler monkeys
  3 bullfrog zombies (D:6)
  A centaur zombie (D:6)
  A jelly (D:4)
  A bombardier beetle (D:4)
  A gnoll bouda (D:8)
  3 orc priests
  6 hounds
  Ijyb (D:3)
  Terence (D:2)
  A sleepcap (D:4)
  6 iguanas
  5 orc wizards
  A howler monkey zombie (D:6)
  3 gnolls (D:8)
  10 adders
  4 white imps
  2 ufetubi (D:5)
  2 dart slugs
  A ribbon worm (D:3)
  25 orcs
  6 bats
  6 endoplasms
  3 giant cockroaches
  4 hobgoblins
  2 quokkas (D:2)
  3 ball pythons
  4 frilled lizards
  3 goblins
  4 kobolds
  4 rats
159 creatures vanquished.

Notes
Turn   | Place    | Note
-------+----------+-------------------------------------------
     0 | D:1      | DildoBatman the Formicid Conjurer began the quest for the
                  | Orb.
     0 | D:1      | Reached XP level 1. HP: 13/13 MP: 3/3
   348 | D:1      | Reached XP level 2. HP: 19/19 MP: 1/5
   351 | D:1      | Learned a level 2 spell: Searing Ray
   431 | D:1      | Found Kanlutre's Antique Armour Shoppe.
   900 | D:2      | Reached XP level 3. HP: 25/25 MP: 2/6
   960 | D:2      | Noticed Terence
  1042 | D:2      | Reached skill level 1 in Fighting
  1052 | D:2      | Found a faded altar of an unknown god.
  1459 | D:3      | Reached skill level 1 in Armour
  1768 | D:3      | Reached XP level 4. HP: 30/32 MP: 2/7
  1788 | D:3      | Noticed Ijyb
  2058 | D:3      | Found a faded altar of an unknown god.
  2062 | D:3      | Found a shadowy altar of Dithmenos.
  2235 | D:4      | Found a bloodstained altar of Trog.
  2251 | D:4      | Reached XP level 5. HP: 38/38 MP: 4/9
  2280 | D:4      | Noticed an ogre
  2449 | D:4      | Found a staircase to the Ecumenical Temple.
  2459 | Temple   | Entered the Ecumenical Temple
  2471 | Temple   | Became a worshipper of Kikubaaqudgha
  2576 | D:2      | Killed Terence
  2629 | D:3      | Killed Ijyb
  2856 | D:4      | Killed an ogre
  2857 | D:4      | Reached XP level 6. HP: 46/46 MP: 3/10
  3301 | D:4      | Reached XP level 7. HP: 51/51 MP: 9/12
  3657 | D:4      | Learned a level 4 spell: Dispel Undead
  3658 | D:5      | Entered Level 5 of the Dungeon
  3881 | D:5      | Reached XP level 8. HP: 29/60 MP: 7/14
  4047 | D:5      | Reached * piety under Kikubaaqudgha
  4047 | D:5      | Received a gift from Kikubaaqudgha
  4048 | D:5      | Reached skill level 5 in Conjurations
  4083 | D:5      | Learned a level 2 spell: Sublimation of Blood
  4180 | D:5      | Reached skill level 1 in Necromancy
  4184 | D:5      | Found the +6 shillelagh "Devastator" {shatter}
  4504 | D:5      | Reached skill level 2 in Necromancy
  4866 | D:6      | Found a basalt altar of Yredelemnul.
  4870 | D:6      | Reached skill level 1 in Shields
  4892 | D:6      | Reached XP level 9. HP: 37/66 MP: 6/16
  4968 | D:6      | Reached skill level 3 in Necromancy
  5135 | D:6      | Reached skill level 5 in Spellcasting
  5163 | D:6      | Reached skill level 5 in Fighting
  5163 | D:6      | Reached skill level 5 in Armour
  5383 | D:7      | Reached skill level 4 in Necromancy
  5390 | D:7      | Reached ** piety under Kikubaaqudgha
  5562 | D:7      | Found a transporter.
  5562 | D:7      | Noticed a red ugly thing
  5565 | D:7      | Noticed postfeelist's ghost (novice HOFi)
  5645 | D:7      | Noticed a boulder beetle
  5648 | D:7      | Found a transporter.
  5679 | D:7      | Reached skill level 5 in Necromancy
  5733 | D:7      | Noticed Joseph
  5968 | D:7      | Found a runed translucent door.
  5969 | D:7      | Noticed Crazy Yiuf
  6185 | D:8      | Reached skill level 6 in Necromancy
  6185 | D:8      | Reached XP level 10. HP: 41/74 MP: 8/19
  6189 | D:8      | Reached skill level 7 in Necromancy
  6205 | D:8      | Reached skill level 8 in Necromancy
  6366 | D:8      | Found Irhang's General Store.
  6544 | D:8      | Noticed Maurice
  6553 | D:8      | Reached skill level 9 in Necromancy
  6568 | D:8      | Killed Maurice
  6900 | D:9      | Reached skill level 10 in Necromancy
  6938 | D:9      | Found a staircase to the Lair.
  6948 | D:9      | Reached *** piety under Kikubaaqudgha
  6948 | D:9      | Received a gift from Kikubaaqudgha
  6953 | D:9      | Succumbed to a killer bee's poison

Illustrated notes

Levels and vault maps discovered:
D:1:      nagdon_arrival_zigzag_paths, layout_loops_ring, serial_shops,
          nicolae_shop_window_shopping
D:2:      layout_rooms, shapermc_ecumenical_altar_mp_urbaneastern,
          chequers_serial_rivers_micro_d, st_stairs_10, uniq_terence
D:3:      layout_basic, nicolae_overflow_ecumenical_swirl,
          minmay_misc_feat_four_crosses, uniq_ijyb
D:4:      cheibrodos_helix_gallery, layout_cave_pods,
          mainiacjoe_overflow_24_doors, minmay_temple_entry_trees, serial_glass,
          glass_columns_a, glass_columns_b, dk_noncrumbling_4, minmay_bent
D:5:      layout_loops_ring, dilly_guarded_unrand_devastator
D:6:      layout_rooms, nicolae_yredelemnul_corpse_copse, minmay_misc_feat_roman
D:7:      layout_loops_cross, gammafunk_ghost_arena, uniq_joseph,
          uniq_crazy_yiuf_cottage
D:8:      layout_cave_pools, serial_shops, nicolae_stop_n_shop_1, uniq_maurice
D:9:      layout_basic, nicolae_overflow_two_pavilions, erik_lair_island,
          special_room [special_room_bee], grunt_decor_junction
Temple:   nicolae_temple_two_arcs

Skill      XL: |  1  2  3  4  5  6  7  8  9 10 |
---------------+-------------------------------+-----
Dodging        | 2 3 |  3.0
Fighting       | 1 2 3 4 5 |  5.0
Armour         | 1 2 3 4 5 |  5.0
Stealth        | 3 4 |  4.0
Conjurations   | 4 5 6 |  6.0
Spellcasting   | 3 4 6 |  6.0
Necromancy     | 2 6 10 | 10.0
Shields        | 2 3 |  3.1
Maces & Flails | |  0.4

Action                     |  1- 3 |  4- 6 |  7- 9 | 10-12 || total
---------------------------+-------+-------+-------+-------++-------
  Melee: Staff             |     4 |       |    10 |       ||    14
         Short sword       |    26 |       |     1 |       ||    27
         Punch             |     1 |       |       |       ||     1
         Shillelagh        |       |       |    26 |    20 ||    46
   Fire: Sling             |    15 |     7 |       |       ||    22
   Cast: Magic Dart        |    43 |    37 |    52 |     7 ||   139
         Searing Ray       |     1 |    19 |    51 |    21 ||    92
         Sublimation of Bl |       |       |    34 |     9 ||    43
Ability: Dig               |       |       |     1 |       ||     1
    Use: Scroll            |       |       |       |     9 ||     9
         Potion            |       |       |       |     1 ||     1
   Stab: Sleeping          |     3 |       |       |       ||     3
 Armour: Robe              |    15 |     4 |    63 |       ||    82
         Ring mail         |       |       |    41 |    24 ||    65
         Troll leather arm |       |       |       |    34 ||    34
  Dodge: Dodged            |    13 |    11 |    55 |    48 ||   127
  Block: Buckler           |       |       |    14 |    10 ||    24
